AoeStats
← ELPURE

Arabia

510248204Analyzed
1v1 RM · 1d ago on Sep 30, 2026· 30m 27s· 2 players
Game mode
Random Map
Map size
Tiny (2 player)
Population
200
Speed
Normal
Resources
Standard
Victory
Conquest
Starting age
Dark Age
Ending age
Imperial Age
RankedLock teamsTeams togetherTeam positionsShared explorationLock speedFull tech treeHidden civsTurbo modeCheats
Victory
Defeat
🇺🇸 Cumans · United States
1767
+23
🇺🇸 Maya · United States
1932
-23
DS_SayGG
6:37 Loom
8:44 Feudal Age
9:35 Double-Bit Axe
10:13 Horse Collar
17:04 Forging
17:42 Scale Barding Armor
24:26 Castle Age
24:19 Stone Mining
24:22 Gold Mining
25:24 Wheelbarrow
29:22 Bow Saw
ELPURE
0:29 Loom
11:24 Feudal Age
18:33 Castle Age
17:51 Forging
23:13 Double-Bit Axe
23:09 Horse Collar
25:22 Wheelbarrow
Connection lost

Rejoining the realm…

Still unreachable

The connection could not be restored.

Session expired

The server has moved on; the page needs a fresh start.